 Dungeon Crawl Stone Soup version 0.18.1-8-gdd0e5ea (webtiles) character file.

6884 raph the Reanimator (level 10, -5/79 HPs)
             Began as a Deep Dwarf Necromancer on June 12, 2016.
             Was a Priest of Makhleb.
             Killed from afar by an electric eel (9 damage)
             ... with a bolt of electricity
             ... on level 10 of the Dungeon.
             The game lasted 00:29:55 (10667 turns).

raph the Reanimator (Deep Dwarf Necromancer)       Turns: 10667, Time: 00:29:56

Health: -5/79      AC:  7    Str: 13    XL:     10   Next: 79%
Magic:  16/18      EV: 15    Int: 18    God:    Makhleb [***...]
Gold:   170        SH:  0    Dex: 13    Spells: 5 memorised, 8 levels left

rFire  . . .     SeeInvis .     U - +1 war axe (flame)
rCold  . . .     Gourm    .     W - +2 robe
rNeg   . . .     Faith    .     (no shield)
rPois  .         Spirit   .     A - +0 helmet
rElec  .         Dismiss  .     (no cloak)
rCorr  .         Reflect  .     (no gloves)
SustAt .         Harm     .     D - +0 pair of boots
MR     +....                    y - amulet of magic regeneration
Stlth  ++........               (no ring)
                                (no ring)

@: non-regenerating, somewhat resistant to hostile enchantments, unstealthy
A: damage resistance, recharge devices, frail 1, sense surroundings 2, shaggy
fur 1, slow regeneration 3, wild magic 1
a: Device Recharging, Minor Destruction, Lesser Servant of Makhleb, Renounce
Religion


You were on level 10 of the Dungeon.
You worshipped Makhleb.
Makhleb was most pleased with you.
You were hungry.

You visited 2 branches of the dungeon, and saw 11 of its levels.

You collected 300 gold pieces.
You spent 130 gold pieces at shops.

Inventory:

Hand Weapons
 h - a +0 hunting sling
 j - a cursed +0 short sword
 l - a +1 dagger of holy wrath
 t - a +2 whip of flaming
 u - a +3 trident
 x - a +2 flail of protection
 O - a +2 falchion of slicing
 P - a +0 dagger of protection
 U - a +1 war axe of flaming (weapon)
Missiles
 i - 440 stones
 Z - 4 tomahawks (quivered)
Armour
 a - a +0 robe
 A - a +0 helmet (worn)
 D - a +0 pair of boots (worn)
 W - a +2 robe (worn)
Magical Staves
 f - an uncursed staff of air
Jewellery
 y - an amulet of magic regeneration (around neck)
 R - an uncursed amulet of rage {unknown}
 Y - a +2 ring of protection
Wands
 c - a wand of heal wounds (3/9)
 v - a wand of polymorph (9/24)
 I - a wand of lightning (0/15)
 J - a wand of polymorph (11/24)
 K - a wand of confusion (16/48)
 L - a wand of lightning (0/15)
 S - a wand of polymorph (7/24)
Scrolls
 e - 4 scrolls of identify
 m - a scroll of enchant armour
 n - 2 scrolls of immolation
 o - 6 scrolls of remove curse
 p - 4 scrolls of amnesia
 B - a scroll of magic mapping
 C - 5 scrolls of teleportation
 N - a scroll of holy word {unknown}
Potions
 g - 3 potions of mutation
 k - 4 potions of haste
 q - 3 potions of cancellation
 r - 2 potions of lignification
 s - 3 potions of flight
 z - a potion of degeneration {unknown}
 E - 9 potions of curing
 G - 2 potions of ambrosia {unknown}
 H - a potion of heal wounds
 Q - a potion of brilliance {unknown}
 T - a potion of magic
 V - a potion of cure mutation {unknown}
Books
 b - a book of Necromancy

   Spells                             Type                      Level
   a - Pain                           Necromancy                   1
   b - Animate Skeleton               Necromancy                   1
   c - Vampiric Draining              Necromancy                   3
   d - Regeneration                   Charms/Necromancy            3
   e - Animate Dead                   Necromancy                   4
   f - Control Undead                 Necromancy                   4
 F - Sif Muna's Catalogue of the Compass
   (You found it on level 4 of the Dungeon)

   Spells                             Type                      Level
   a - Apportation                    Translocation                1
Comestibles
 d - 5 bread rations
 w - 14 fruits
 M - 11 royal jellies
 X - a meat ration


   Skills:
 + Level 5.1 Fighting
 + Level 6.7 Dodging
 - Level 3.0 Stealth
 + Level 6.2 Spellcasting
 * Level 11.4 Necromancy
 + Level 4.7 Invocations
 + Level 8.7 Evocations


You had 8 spell levels left.
You knew the following spells:

 Your Spells              Type           Power        Failure   Level  Hunger
a - Pain                  Necr           ####         1%          1    None
b - Animate Skeleton      Necr           N/A          1%          1    None
c - Vampiric Draining     Necr           ######....   1%          3    ##.....
d - Control Undead        Necr           ######....   1%          4    ####...
e - Animate Dead          Necr           N/A          1%          4    ####...


Dungeon Overview and Level Annotations

Branches:
Dungeon (10/15)            Temple (1/1) D:5             Orc (0/2) D:9
   Lair: D:8-11

Altars:
Cheibriados
Dithmenos
Elyvilon
Gozag
Kikubaaqudgha
Makhleb
Nemelex Xobeh
Okawaru
Qazlal
Ru
Sif Muna
Trog
Vehumet
Xom
Yredelemnul
Zin
The Shining One

Shops:
D:7 !   D:9 =

Annotations:
D:7 Thomus's ghost, novice HOFi


Innate Abilities, Weirdness & Mutations

You are resistant to damage.
You can recharge devices by infusing magical energy.
You passively map the area around you.
You do not regenerate naturally.
You are frail (-10% HP).
You are covered in fur (AC +1).
Your spells are a little harder to cast, but a little more powerful.


Message History

Aim: an electric eel (lightly wounded, chance to defeat MR: 89%)
The electric eel convulses in agony!
An electric eel comes into view.
Casting: Pain
Confirm with . or Enter, or press ? or * to list all spells.
Aiming: Pain
Press: ? - help, Shift-Dir - straight line, f/p - electric eel
Aim: an electric eel (heavily wounded, chance to defeat MR: 89%)
The electric eel convulses in agony!
The electric eel shoots out a bolt of lightning at you!
The bolt of electricity hits you!
* * * LOW HITPOINT WARNING * * *
The bolt of electricity hits you!
* * * LOW HITPOINT WARNING * * *
A yak comes into view.
The electric eel shoots out a bolt of lightning at you!
The bolt of electricity hits the plant. x2; The bolt of electricity hits you!
* * * LOW HITPOINT WARNING * * *
The bolt of electricity hits you!
You die...

≈ ≈...≈≈ ,, ,
≈≈♣...P≈≈ * , ≈
≈P≈...;≈≈ ♣# * ,
≈≈≈≈...≈≈♣.# , *
≈≈≈≈≈..≈≈P♣.# *,
*
**≈≈≈≈≈≈...P≈#.##
≈≈≈;...P#...## *
≈P≈Y;.$.#.....# *
≈ ♣....@...## , ≈
≈ ♣##.##..#######
* ≈
#.*#........., ,
#. ##.####### , *
* #.* #[# * #.
#.# * ,, , .. #.#
*** ## #.# #.#


You could see a yak (wandering) and 3 electric eels.

Vanquished Creatures
  Erica (D:8)
  A hill giant (D:10)
  Pikel (D:6)
  2 two-headed ogres (D:9)
  Grinder (D:6)
  5 yaks (D:8)
  A hippogriff (D:7)
  A hungry ghost (D:8)
  Duvessa (D:6)
  Purgy (D:3)
  3 ice beasts
  2 sky beasts (D:5)
  2 black bears
  An orc warrior (D:9)
  3 ogres
  An eye of draining (D:9)
  A centaur (D:9)
  A giant frog (D:7)
  A water moccasin zombie (D:8)
  Dowan (D:5)
  2 scorpions
  9 killer bees
  3 wights (D:9)
  A howler monkey (D:6)
  2 crimson imps
  6 jellies
  A giant frog zombie (D:5)
  An orc priest (D:4)
  3 orc wizards
  A centaur skeleton (D:9)
  An iron imp (D:6)
  5 iguanas
  6 worker ants
  3 ogre zombies (D:9)
  A hound zombie (D:9)
  2 worker ant zombies
  3 gnolls (D:4)
  10 adders
  A shadow imp (D:5)
  8 oozes
  An adder zombie (D:9)
  An adder skeleton (D:8)
  2 worms
  A dart slug (D:4)
  7 giant geckos
  22 orcs
  4 bats
  3 giant cockroaches
  6 goblins
  5 hobgoblins
  8 jackals
  4 quokkas
  3 giant newts (D:2)
  2 goblin skeletons (D:9)
  2 goblin zombies (D:9)
  2 hobgoblin zombies (D:9)
  A jackal zombie (D:8)
  3 kobolds
  An orc skeleton (D:9)
  7 orc zombies (D:9)
  8 rats
193 creatures vanquished.

Vanquished Creatures (collateral kills)
  Prince Ribbit (D:7)
  A hungry ghost (D:9)
  An ice beast (D:8)
  A phantom (D:9)
  An ogre (D:7)
  A scorpion (D:7)
  A killer bee (D:7)
  3 wights (D:7)
  An orc wizard (D:5)
  An orc priest (D:9)
  Jessica (D:2)
  A worker ant (D:8)
  A killer bee zombie (D:8)
  5 ogre zombies (D:9)
  A howler monkey zombie (D:7)
  An adder (D:2)
  2 oozes
  A goblin (D:1)
  A quokka (D:5)
  2 bats (D:1)
  A goblin zombie (D:9)
  A kobold (D:1)
  3 orc skeletons (D:9)
  7 orc zombies (D:9)
  A rat (D:2)
41 creatures vanquished.

Vanquished Creatures (others)
  2 slaves (D:6)
  A wight (D:6)
3 creatures vanquished.

Grand Total: 237 creatures vanquished

Notes
Turn   | Place    | Note
--------------------------------------------------------------
     0 | D:1      | raph the Deep Dwarf Necromancer began the quest for the Orb.
     0 | D:1      | Reached XP level 1. HP: 15/15 MP: 3/3
    86 | D:1      | Learned a level 1 spell: Animate Skeleton
   401 | D:1      | Reached XP level 2. HP: 21/24 MP: 0/4
  1179 | D:2      | Reached skill level 1 in Fighting
  1179 | D:2      | Reached XP level 3. HP: 20/31 MP: 0/6
  1248 | D:2      | Learned a level 3 spell: Vampiric Draining
  1685 | D:2      | Noticed Jessica
  1692 | D:2      | Killed Jessica
  1692 | D:2      | Reached skill level 5 in Necromancy
  1692 | D:2      | Reached XP level 4. HP: 3/38 MP: 1/7
  2549 | D:3      | Found a faded altar to an unknown god.
  2771 | D:3      | Noticed Purgy
  2798 | D:3      | Gained mutation: You are frail (-10% HP). [potion of mutation]
  2798 | D:3      | Gained mutation: You are covered in fur (AC +1). [potion of mutation]
  2798 | D:3      | Gained mutation: Your spells are a little harder to cast, but a little more powerful. [potion of mutation]
  2803 | D:3      | Killed Purgy
  2803 | D:3      | Reached XP level 5. HP: 15/39 MP: 0/9
  3193 | D:3      | Learned a level 4 spell: Control Undead
  3745 | D:4      | Reached skill level 6 in Necromancy
  3841 | D:4      | Found an opulent altar of Gozag.
  3898 | D:4      | Reached XP level 6. HP: 24/45 MP: 3/10
  4514 | D:4      | Found a deep blue altar of Sif Muna.
  4524 | D:4      | Found an ancient bone altar of Kikubaaqudgha.
  4524 | D:4      | Found a radiant altar of Vehumet.
  4531 | D:4      | Identified Sif Muna's Catalogue of the Compass
  4683 | D:5      | Entered Level 5 of the Dungeon
  5047 | D:5      | Reached skill level 7 in Necromancy
  5047 | D:5      | Reached XP level 7. HP: 42/51 MP: 4/12
  5309 | D:5      | Learned a level 4 spell: Animate Dead
  5628 | D:5      | Found a staircase to the Ecumenical Temple.
  5637 | Temple   | Entered the Ecumenical Temple
  5643 | Temple   | Became a worshipper of Makhleb the Destroyer
  5714 | D:5      | Reached skill level 8 in Necromancy
  5842 | D:6      | Reached skill level 5 in Evocations
  5897 | D:6      | Noticed Grinder
  5930 | D:6      | Paralysed by Grinder for 5 turns
  5967 | D:6      | Killed Grinder
  5967 | D:6      | Reached XP level 8. HP: 12/59 MP: 14/14
  6251 | D:6      | Found a sacrificial altar of Ru.
  6337 | D:6      | Noticed Dowan
  6346 | D:6      | Noticed Duvessa
  6365 | D:6      | Killed Duvessa
  6375 | D:5      | Killed Dowan
  6548 | D:6      | Found a burning altar of Makhleb.
  6610 | D:6      | Found a snail-covered altar of Cheibriados.
  6771 | D:6      | Noticed Pikel
  6782 | D:6      | Killed Pikel
  6782 | D:6      | Reached skill level 9 in Necromancy
  6782 | D:6      | Gained mutation: You passively map the area around you. [Deep Dwarf growth]
  6782 | D:6      | Reached XP level 9. HP: 38/66 MP: 1/16
  7618 | D:7      | Reached skill level 5 in Spellcasting
  7622 | D:7      | Reached * piety under Makhleb
  7767 | D:7      | Noticed Prince Ribbit
  7775 | D:7      | Killed Prince Ribbit
  7786 | D:7      | Found Xaasos's Distillery.
  7792 | D:7      | Reached skill level 5 in Dodging
  7916 | D:7      | Reached skill level 10 in Necromancy
  8051 | D:7      | Noticed Thomus's ghost (novice HOFi)
  8281 | D:8      | Found a stormy altar of Qazlal.
  8445 | D:8      | Reached skill level 1 in Invocations
  8496 | D:8      | HP: 3/70 [yak (14)]
  8526 | D:8      | HP: 1/70 [orc/tomahawk (3)]
  8603 | D:8      | Found a glowing silver altar of Zin.
  8624 | D:8      | Reached XP level 10. HP: 40/77 MP: 17/17
  8655 | D:8      | Reached ** piety under Makhleb
  8895 | D:8      | Noticed Erica
  8906 | D:8      | Killed Erica
  9586 | D:9      | Reached skill level 11 in Necromancy
  9666 | D:9      | Found a staircase to the Orcish Mines.
  9675 | D:9      | Reached *** piety under Makhleb
  9771 | D:9      | Found an iron altar of Okawaru.
  9942 | D:9      | Found a flagged portal.
 10054 | D:9      | Found Qienarph's Jewellery Shoppe.
 10059 | D:9      | Bought a +2 ring of protection for 130 gold pieces
 10208 | D:9      | Reached skill level 5 in Fighting
 10214 | D:9      | Found a shadowy altar of Dithmenos.
 10526 | D:10     | Entered Level 10 of the Dungeon
 10526 | D:10     | Noticed a hill giant
 10539 | D:10     | HP: 2/79 [hill giant/giant spiked club (27)]
 10541 | D:10     | Killed a hill giant
 10613 | D:10     | Noticed a hill giant
 10667 | D:10     | Killed from afar by an electric eel

Skill      XL: |  1  2  3  4  5  6  7  8  9 10 |
---------------+-------------------------------+-----
Spellcasting   | 2 3 4 5 6 |  6.2
Fighting       | 1 2 4 5 |  5.1
Necromancy     | 5 6 7 8 9 10 11 | 11.4
Stealth        | 3 |  3.0
Evocations     | 2 3 5 6 7 8 |  8.7
Dodging        | 3 4 5 6 |  6.7
Invocations    | 2 4 |  4.7

Action                   |  1- 3 |  4- 6 |  7- 9 | 10-12 || total
-------------------------+-------+-------+-------+-------++-------
Melee: Trident           |       |     7 |       |       ||     7
       Flail             |       |    10 |    32 |    65 ||   107
       Dagger            |       |    34 |    38 |       ||    72
       Whip              |       |       |    21 |       ||    21
       War axe           |       |       |       |    45 ||    45
 Fire: Hunting sling     |    11 |     5 |       |       ||    16
 Cast: Pain              |    41 |    97 |   162 |    69 ||   369
       Animate Skeleton  |    16 |    14 |    11 |     2 ||    43
       Vampiric Draining |     4 |    18 |    46 |    40 ||   108
       Control Undead    |       |     2 |    10 |     8 ||    20
       Animate Dead      |       |       |    10 |     2 ||    12
 Abil: Device Recharging |       |       |     1 |       ||     1
Evoke: Wand              |       |     2 |    10 |     1 ||    13
  Use: Potion            |       |     2 |     1 |       ||     3
       Scroll            |       |     4 |    11 |       ||    15
 Stab: Sleeping          |       |       |       |     5 ||     5
       Distracted        |       |       |       |     1 ||     1
  Eat: Chunk             |     4 |    10 |     8 |       ||    22
       Pizza             |       |     1 |     1 |     1 ||     3
       Meat ration       |       |     1 |     1 |     1 ||     3
       Bread ration      |       |       |       |     1 ||     1
       Royal jelly       |       |       |       |     1 ||     1
Armor: Robe              |     2 |    24 |    66 |    60 ||   152
Dodge: Dodged            |    26 |    84 |   117 |   172 ||   399
